| TOP OF THE 1ST |
|
Syracuse Chiefs batting - Pitching for Sacramento River Cats : LHP Adam Ody
|
|
Pitching: LHP Adam Ody
|
|
|
Batting: RHB Willie de los Santos
|
0-0: Called Strike 0-1: Ball 1-1: SINGLE (Groundball, P, EV 88.1 MPH) (infield hit)
|
|
Batting: RHB Hisayuki Akiyama
|
0-0: Called Strike 0-1: Called Strike 0-2: Ball 1-2: Ball 2-2: Foul Ball, location: 2F 2-2: Reached on error, E2 (Groundball, 13S, EV 66.9 MPH) Willie de los Santos to second
|
|
Batting: LHB Alexis Cantu
|
0-0: Ball 1-0: Ball 2-0: Called Strike 2-1: SINGLE (Groundball, 56D, EV 100.0 MPH) Willie de los Santos to third Hisayuki Akiyama to second Runner from 3rd tries for Home, SAFE, throw by LF to home
|
|
Batting: RHB Antonio Laurel
|
0-0: Grounds into double play, 6-4-3 (Groundball, 6, EV 103.8 MPH) Hisayuki Akiyama to third
|
|
Batting: RHB Nate Dickinson
|
0-0: Called Strike 0-1: Ball 1-1: Called Strike 1-2: Foul Ball, location: 2F 1-2: Ball 2-2: Fly out, F8 (Flyball, 8RD, EV 78.8 MPH)
|
| Top of the 1st over - 1 run, 2 hits, 1 error, 1 left on base; Syracuse 1 - Sacramento 0 |
| BOTTOM OF THE 1ST |
|
Sacramento River Cats batting - Pitching for Syracuse Chiefs : RHP Jim Sanders
|
|
Pitching: RHP Jim Sanders
|
|
|
Batting: RHB Justin Bonner
|
0-0: Ball 1-0: Called Strike 1-1: Ball 2-1: Ball 3-1: Base on Balls
|
|
Batting: RHB Sterling Acosta
|
0-0: Ball 1-0: Called Strike Justin Bonner steals 2nd, throwing error, E2 Justin Bonner to third 1-1: Ball 2-1: Ball 3-1: Base on Balls
|
|
Batting: LHB Pauli Gassinger
|
0-0: Foul Ball, location: 2F 0-1: Foul Ball, location: 2F 0-2: Ball 1-2: Strikes out looking
|
|
Batting: RHB Troy Trice
|
0-0: Ball 1-0: Hit by Pitch Sterling Acosta to second
|
|
Batting: LHB Dillon Gonzalez
|
0-0: Called Strike 0-1: Swinging Strike 0-2: Strikes out looking
|
|
Batting: RHB Brian Rogers
|
0-0: Called Strike 0-1: Ball 1-1: GRAND SLAM HOME RUN (Flyball, 7LD, EV 93.1 MPH), Distance : 344 ft
|
|
Batting: SHB Dan Hill
|
0-0: Ball 1-0: Called Strike 1-1: Called Strike 1-2: Foul Ball, location: 2F 1-2: Strikes out looking
|
| Bottom of the 1st over - 4 runs, 1 hit, 1 error, 0 left on base; Syracuse 1 - Sacramento 4 |
| TOP OF THE 2ND |
|
Syracuse Chiefs batting - Pitching for Sacramento River Cats : LHP Adam Ody
|
|
Batting: LHB Tim Olsen
|
0-0: Foul Ball, location: 2F 0-1: Swinging Strike 0-2: Ball 1-2: Foul Ball, location: 2F 1-2: Strikes out swinging
|
|
Batting: LHB Kevin Kantor
|
0-0: Called Strike 0-1: Fly out, F8 (Flyball, 8LXD, EV 90.6 MPH)
|
|
Batting: RHB Justin Davenport
|
0-0: Swinging Strike 0-1: Called Strike 0-2: Ball 1-2: Foul Ball, location: 2F 1-2: Strikes out swinging
|
| Top of the 2nd over - 0 runs, 0 hits, 0 errors, 0 left on base; Syracuse 1 - Sacramento 4 |
| BOTTOM OF THE 2ND |
|
Sacramento River Cats batting - Pitching for Syracuse Chiefs : RHP Jim Sanders
|
|
Batting: LHB Franklin Quezada
|
0-0: Ball 1-0: Called Strike 1-1: Ball 2-1: Swinging Strike 2-2: Foul Ball, location: 2F 2-2: SINGLE (Flyball, 78S, EV 90.0 MPH)
|
|
Batting: RHB Carlos Talavera
|
0-0: Foul Ball, location: 2F 0-1: Ball Franklin Quezada steals 2nd base (no throw) 1-1: Called Strike 1-2: Foul Ball, location: 2F 1-2: Ball 2-2: Foul Ball, location: 2F 2-2: Foul Ball, location: 2F 2-2: Foul Ball, location: 2F 2-2: Fly out, F7 (Flyball, 7, EV 95.6 MPH)
|
|
Batting: RHB Justin Bonner
|
0-0: Ball 1-0: Called Strike 1-1: Ball 2-1: Ball 3-1: Called Strike 3-2: Ground out 4-3 (Groundball, 4, EV 82.5 MPH) Franklin Quezada to third
|
|
Batting: RHB Sterling Acosta
|
0-0: Fly out, F9 (Flyball, 89M, EV 82.5 MPH)
|
| Bottom of the 2nd over - 0 runs, 1 hit, 0 errors, 1 left on base; Syracuse 1 - Sacramento 4 |
| TOP OF THE 3RD |
|
Syracuse Chiefs batting - Pitching for Sacramento River Cats : LHP Adam Ody
|
|
Batting: RHB Dave Brabo
|
0-0: Ball 1-0: Ball 2-0: Fly out, F9 (Flyball, 9D, EV 76.9 MPH)
|
|
Batting: RHB Willie de los Santos
|
0-0: Ball 1-0: Ball 2-0: Ground out U3 (Groundball, 3L, EV 100.0 MPH)
|
|
Batting: RHB Hisayuki Akiyama
|
0-0: Swinging Strike 0-1: Called Strike 0-2: Ball 1-2: Ball 2-2: Foul Ball, location: 2F 2-2: Foul Ball, location: 2F 2-2: Foul Ball, location: 2F 2-2: Ball 3-2: Ground out 4-3 (Groundball, 4M, EV 106.2 MPH)
|
| Top of the 3rd over - 0 runs, 0 hits, 0 errors, 0 left on base; Syracuse 1 - Sacramento 4 |
| BOTTOM OF THE 3RD |
|
Sacramento River Cats batting - Pitching for Syracuse Chiefs : RHP Jim Sanders
|
|
Batting: LHB Pauli Gassinger
|
0-0: Called Strike 0-1: DOUBLE (Line Drive, 78XD, EV 105.0 MPH)
|
|
Batting: RHB Troy Trice
|
0-0: Called Strike 0-1: Swinging Strike 0-2: Ball 1-2: Ball 2-2: Strikes out swinging
|
|
Batting: LHB Dillon Gonzalez
|
0-0: Ball 1-0: Called Strike 1-1: Called Strike 1-2: Ball 2-2: Strikes out swinging
|
|
Batting: RHB Brian Rogers
|
0-0: Ground out 6-3 (Groundball, 6D, EV 106.2 MPH)
|
| Bottom of the 3rd over - 0 runs, 1 hit, 0 errors, 1 left on base; Syracuse 1 - Sacramento 4 |
| TOP OF THE 4TH |
|
Syracuse Chiefs batting - Pitching for Sacramento River Cats : LHP Adam Ody
|
|
Batting: LHB Alexis Cantu
|
0-0: Ball 1-0: Called Strike 1-1: SINGLE (Groundball, 6MD, EV 97.5 MPH)
|
|
Batting: RHB Antonio Laurel
|
0-0: Called Strike 0-1: Grounds into double play, 6-4-3 (Groundball, 6, EV 89.4 MPH)
|
|
Batting: RHB Nate Dickinson
|
0-0: Ground out 5-3 (Groundball, 5S, EV 81.9 MPH)
|
| Top of the 4th over - 0 runs, 1 hit, 0 errors, 0 left on base; Syracuse 1 - Sacramento 4 |
| BOTTOM OF THE 4TH |
|
Sacramento River Cats batting - Pitching for Syracuse Chiefs : RHP Jim Sanders
|
|
Batting: SHB Dan Hill
|
0-0: Ground out 1-3 (Groundball, 15S, EV 64.4 MPH)
|
|
Batting: LHB Franklin Quezada
|
0-0: Called Strike 0-1: Foul Ball, location: 2F 0-2: Hit by Pitch
|
|
Batting: RHB Carlos Talavera
|
0-0: Called Strike 0-1: Ball 1-1: Ball 2-1: Ball 3-1: Base on Balls Franklin Quezada to second
|
|
Batting: RHB Justin Bonner
|
0-0: Called Strike 0-1: Ball 1-1: Foul Ball, location: 2F 1-2: Strikes out looking
|
|
Batting: RHB Sterling Acosta
|
0-0: Called Strike 0-1: Ball 1-1: Swinging Strike 1-2: Ground out 5-3 (Groundball, 25, EV 90.0 MPH)
|
| Bottom of the 4th over - 0 runs, 0 hits, 0 errors, 2 left on base; Syracuse 1 - Sacramento 4 |
| TOP OF THE 5TH |
|
Syracuse Chiefs batting - Pitching for Sacramento River Cats : LHP Adam Ody
|
|
Batting: LHB Tim Olsen
|
0-0: Swinging Strike 0-1: Ground out 4-3 (Groundball, 34S, EV 85.0 MPH)
|
|
Batting: LHB Kevin Kantor
|
0-0: Swinging Strike 0-1: Foul Ball, location: 2F 0-2: Foul Ball, location: 2F 0-2: Foul Ball, location: 2F 0-2: SINGLE (Groundball, 4MS, EV 68.8 MPH) (infield hit)
|
|
Batting: RHB Justin Davenport
|
0-0: Ball 1-0: Swinging Strike 1-1: Grounds into double play, 4-6-3 (Groundball, 4, EV 106.9 MPH)
|
| Top of the 5th over - 0 runs, 1 hit, 0 errors, 0 left on base; Syracuse 1 - Sacramento 4 |
| BOTTOM OF THE 5TH |
|
Sacramento River Cats batting - Pitching for Syracuse Chiefs : RHP Jim Sanders
|
|
Batting: LHB Pauli Gassinger
|
0-0: Ball 1-0: Ball 2-0: Foul Ball, location: 2F 2-1: Foul Ball, location: 2F 2-2: Strikes out swinging
|
|
Batting: RHB Troy Trice
|
0-0: Ball 1-0: Called Strike 1-1: Ball 2-1: Foul Ball, location: 2F 2-2: Ball 3-2: Ground out 6-3 (Groundball, 6, EV 78.1 MPH)
|
|
Batting: LHB Dillon Gonzalez
|
0-0: Called Strike 0-1: Called Strike 0-2: Ball 1-2: Ball 2-2: Strikes out swinging, 2-3 out at first.
|
| Bottom of the 5th over - 0 runs, 0 hits, 0 errors, 0 left on base; Syracuse 1 - Sacramento 4 |
| TOP OF THE 6TH |
|
Syracuse Chiefs batting - Pitching for Sacramento River Cats : LHP Adam Ody
|
|
Batting: RHB Dave Brabo
|
0-0: Swinging Strike 0-1: Ball 1-1: Ground out 4-3 (Groundball, 4, EV 93.8 MPH)
|
|
Batting: RHB Willie de los Santos
|
0-0: Ball 1-0: Ball 2-0: Called Strike 2-1: Swinging Strike 2-2: Foul Ball, location: 2F 2-2: Foul Ball, location: 2F 2-2: Strikes out swinging
|
|
Batting: RHB Hisayuki Akiyama
|
0-0: Ball 1-0: Ball 2-0: Swinging Strike 2-1: SINGLE (Groundball, 56D, EV 95.0 MPH)
|
|
Batting: LHB Alexis Cantu
|
0-0: Called Strike 0-1: Ball 1-1: Ball 2-1: Ball 3-1: Base on Balls Hisayuki Akiyama to second
|
|
Batting: RHB Antonio Laurel
|
0-0: Called Strike 0-1: Foul Ball, location: 2F 0-2: Ball 1-2: Foul Ball, location: 2F 1-2: Ball 2-2: SINGLE (Groundball, 56D, EV 106.9 MPH) Hisayuki Akiyama to third Alexis Cantu to second Runner from 3rd tries for Home, SAFE, throw by LF to home
|
|
Pinch Runner at 2nd Dusty Ballard:
|
|
|
Batting: RHB Nate Dickinson
|
0-0: Ball 1-0: Ball 2-0: Ball 3-0: Called Strike 3-1: SINGLE (Groundball, 56S, EV 69.4 MPH) (infield hit) Dusty Ballard to third Antonio Laurel to second
|
|
Pitching: RHP Takashi Kino
|
|
|
Batting: LHB Tim Olsen
|
0-0: Called Strike 0-1: Ground out 4-3 (Groundball, 4, EV 88.8 MPH)
|
| Top of the 6th over - 1 run, 3 hits, 0 errors, 3 left on base; Syracuse 2 - Sacramento 4 |
| BOTTOM OF THE 6TH |
|
Sacramento River Cats batting - Pitching for Syracuse Chiefs : RHP Jim Sanders
|
|
Now in RF: Dusty Ballard
|
|
|
Batting: RHB Brian Rogers
|
0-0: Swinging Strike 0-1: Foul Ball, location: 2F 0-2: Foul Ball, location: 2F 0-2: Foul Ball, location: 2F 0-2: Foul Ball, location: 2F 0-2: Ball 1-2: Ground out 5-3 (Groundball, 56, EV 81.2 MPH)
|
|
Pitching: RHP Dan Landry
|
|
|
Batting: SHB Dan Hill
|
0-0: Fly out, F5 (Line Drive, 6, EV 68.1 MPH)
|
|
Batting: LHB Franklin Quezada
|
0-0: Ground out 4-3 (Groundball, 4, EV 106.2 MPH)
|
| Bottom of the 6th over - 0 runs, 0 hits, 0 errors, 0 left on base; Syracuse 2 - Sacramento 4 |
| TOP OF THE 7TH |
|
Syracuse Chiefs batting - Pitching for Sacramento River Cats : RHP Takashi Kino
|
|
Now at 1B: Jose Rivera
|
|
|
Batting: LHB Kevin Kantor
|
0-0: Ball 1-0: Called Strike 1-1: Foul Ball, location: 2F 1-2: Ground out U3 (Groundball, 3L, EV 85.0 MPH)
|
|
Batting: RHB Justin Davenport
|
0-0: Ball 1-0: Swinging Strike 1-1: Called Strike 1-2: Ball 2-2: SINGLE (Groundball, 56D, EV 101.2 MPH)
|
|
Batting: RHB Dave Brabo
|
0-0: Foul Ball, location: 2F 0-1: Ball 1-1: Foul Ball, location: 2F 1-2: Ground out 4-3 (Groundball, 34, EV 105.0 MPH) Justin Davenport to second
|
|
Batting: RHB Willie de los Santos
|
0-0: Foul Ball, location: 2F 0-1: Swinging Strike 0-2: Strikes out swinging
|
| Top of the 7th over - 0 runs, 1 hit, 0 errors, 1 left on base; Syracuse 2 - Sacramento 4 |
| BOTTOM OF THE 7TH |
|
Sacramento River Cats batting - Pitching for Syracuse Chiefs : RHP Dan Landry
|
|
Batting: RHB Carlos Talavera
|
0-0: Ground out 6-3 (Groundball, 56, EV 86.2 MPH)
|
|
Batting: RHB Justin Bonner
|
0-0: Foul Ball, location: 2F 0-1: Called Strike 0-2: Ball 1-2: Ball 2-2: SINGLE (Groundball, 34D, EV 102.5 MPH)
|
|
Batting: RHB Sterling Acosta
|
0-0: Ball 1-0: Fly out, F8 (Flyball, 8LM, EV 98.1 MPH)
|
|
Batting: LHB Pauli Gassinger
|
0-0: Called Strike 0-1: Ball 1-1: Ground out 4-3 (Groundball, 4, EV 80.6 MPH)
|
| Bottom of the 7th over - 0 runs, 1 hit, 0 errors, 1 left on base; Syracuse 2 - Sacramento 4 |
| TOP OF THE 8TH |
|
Syracuse Chiefs batting - Pitching for Sacramento River Cats : RHP Takashi Kino
|
|
Pitching: RHP Sam Drews
|
|
|
Now at 2B: Steve Jones
|
|
|
Batting: RHB Hisayuki Akiyama
|
0-0: Ball 1-0: Ball 2-0: Ball 3-0: Base on Balls
|
|
Batting: RHB Dusty Ballard
|
0-0: Ball 1-0: 2-RUN HOME RUN (Flyball, 9D, EV 100.0 MPH), Distance : 399 ft
|
|
Batting: RHB Antonio Laurel
|
0-0: Called Strike 0-1: Ball 1-1: Ball 2-1: Ball 3-1: Ground out 1-3 (Groundball, 15, EV 68.1 MPH)
|
|
Batting: RHB Nate Dickinson
|
0-0: Called Strike 0-1: Ground out 5-3 (Groundball, 56, EV 110.6 MPH)
|
|
Batting: LHB Tim Olsen
|
0-0: Called Strike 0-1: Ball 1-1: Foul Ball, location: 2F 1-2: DOUBLE (Line Drive, 9LM, EV 110.0 MPH)
|
|
Batting: LHB Kevin Kantor
|
0-0: Intentional Walk
|
|
Batting: RHB Justin Davenport
|
0-0: Ball 1-0: Ball 2-0: Swinging Strike 2-1: Called Strike 2-2: Foul Ball, location: 2F 2-2: Foul Ball, location: 2F 2-2: Foul Ball, location: 2F 2-2: Ball 3-2: Foul Ball, location: 2F 3-2: Foul Ball, location: 2F 3-2: Foul Ball, location: 2F 3-2: Strikes out swinging
|
| Top of the 8th over - 2 runs, 2 hits, 0 errors, 2 left on base; Syracuse 4 - Sacramento 4 |
| BOTTOM OF THE 8TH |
|
Sacramento River Cats batting - Pitching for Syracuse Chiefs : RHP Dan Landry
|
|
Batting: RHB Troy Trice
|
0-0: Foul Ball, location: 2F 0-1: Ball 1-1: Ball 2-1: Foul Ball, location: 2F 2-2: Foul Ball, location: 2F 2-2: Ball 3-2: Strikes out swinging
|
|
Batting: LHB Dillon Gonzalez
|
0-0: Ball 1-0: Called Strike 1-1: Ball 2-1: Called Strike 2-2: Foul Ball, location: 2F 2-2: Ball 3-2: SINGLE (Line Drive, 7S, EV 100.6 MPH)
|
|
Pinch Hitting: SHB Carlos Rodriguez
|
0-0: Ball Dillon Gonzalez is caught stealing 2nd base 2-6 1-0: Called Strike 1-1: Ball 2-1: Foul Ball, location: 2F 2-2: Ball 3-2: Base on Balls
|
|
Batting: SHB Dan Hill
|
0-0: Called Strike 0-1: Ball 1-1: Called Strike 1-2: Ball 2-2: Ball 3-2: Ground out 4-3 (Groundball, 4, EV 90.6 MPH)
|
| Bottom of the 8th over - 0 runs, 1 hit, 0 errors, 1 left on base; Syracuse 4 - Sacramento 4 |
| TOP OF THE 9TH |
|
Syracuse Chiefs batting - Pitching for Sacramento River Cats : RHP Sam Drews
|
|
Pitching: RHP Harry Dickson
|
|
|
Now at 1B: Francisco Gutierrez
|
|
|
Pinch Hitting: LHB Jae-ik Soung
|
0-0: Called Strike 0-1: Foul Ball, location: 2F 0-2: SINGLE (Line Drive, 34, EV 97.5 MPH)
|
|
Batting: RHB Willie de los Santos
|
0-0: Called Strike 0-1: Ball 1-1: Called Strike 1-2: Strikes out swinging
|
|
Batting: RHB Hisayuki Akiyama
|
0-0: Ball 1-0: Ball 2-0: Ball 3-0: Foul Ball, location: 2F 3-1: Called Strike 3-2: Foul Ball, location: 2F 3-2: Base on Balls Jae-ik Soung to second
|
|
Batting: RHB Dusty Ballard
|
0-0: Ball 1-0: Swinging Strike 1-1: Ball 2-1: Swinging Strike 2-2: Strikes out swinging
|
|
Batting: RHB Antonio Laurel
|
0-0: Swinging Strike 0-1: Foul Ball, location: 2F 0-2: SINGLE (Groundball, 56D, EV 107.5 MPH) Jae-ik Soung to third Hisayuki Akiyama to second Runner from 3rd tries for Home, throw by LF and OUT! 7-2
|
| Top of the 9th over - 0 runs, 2 hits, 0 errors, 2 left on base; Syracuse 4 - Sacramento 4 |
| BOTTOM OF THE 9TH |
|
Sacramento River Cats batting - Pitching for Syracuse Chiefs : RHP Dan Landry
|
|
Pitching: LHP John Murray
|
|
|
Now at 1B: Jae-ik Soung
|
|
|
Now at 2B: Kevin Kantor
|
|
|
Batting: LHB Franklin Quezada
|
0-0: Ball 1-0: Fly out, F7 (Flyball, 78D, EV 96.9 MPH)
|
|
Batting: RHB Carlos Talavera
|
0-0: Ball 1-0: Ground out 6-3 (Groundball, P, EV 79.4 MPH)
|
|
Pinch Hitting: RHB Curt Earnest
|
0-0: Ball 1-0: SINGLE (Line Drive, 89S, EV 101.2 MPH)
|
|
Batting: RHB Sterling Acosta
|
0-0: DOUBLE (Flyball, 78XD, EV 97.5 MPH) Curt Earnest to third Runner from 3rd tries for Home, throw by CF and OUT! 8-6-2
|
| Bottom of the 9th over - 0 runs, 2 hits, 0 errors, 1 left on base; Syracuse 4 - Sacramento 4 |
| TOP OF THE 10TH |
|
Syracuse Chiefs batting - Pitching for Sacramento River Cats : RHP Harry Dickson
|
|
Pitching: LHP Joel Page
|
|
|
Now at 2B: Dan Hill
|
|
|
Now at 3B: Curt Earnest
|
|
|
Batting: RHB Nate Dickinson
|
0-0: Fly out, F9 (Flyball, 9LM, EV 88.8 MPH)
|
|
Batting: LHB Tim Olsen
|
0-0: Called Strike 0-1: SOLO HOME RUN (Flyball, 89XD, EV 114.4 MPH), Distance : 443 ft
|
|
Batting: LHB Kevin Kantor
|
0-0: Swinging Strike 0-1: Ball 1-1: Ball 2-1: Ball 3-1: Base on Balls
|
|
Batting: RHB Justin Davenport
|
0-0: Ball 1-0: Grounds into double play, 6-4-3 (Groundball, 6, EV 88.8 MPH)
|
| Top of the 10th over - 1 run, 1 hit, 0 errors, 0 left on base; Syracuse 5 - Sacramento 4 |
| BOTTOM OF THE 10TH |
|
Sacramento River Cats batting - Pitching for Syracuse Chiefs : LHP John Murray
|
|
Pitching: RHP Chris Lawrence
|
|
|
Batting: LHB Pauli Gassinger
|
0-0: Ball 1-0: Ball 2-0: Ball 3-0: Base on Balls
|
|
Batting: RHB Troy Trice
|
0-0: SINGLE (Line Drive, 78XD, EV 96.2 MPH) Pauli Gassinger to second Runner from 2nd tries for 3rd, SAFE, throw by CF made to third Troy Trice to second
|
|
Batting: LHB Dillon Gonzalez
|
0-0: Swinging Strike 0-1: Ball 1-1: Ball 2-1: Ball 3-1: Base on Balls
|
|
Batting: SHB Francisco Gutierrez
|
0-0: Foul Ball, location: 2F 0-1: Ball 1-1: SINGLE (Line Drive, 89S, EV 95.6 MPH) Pauli Gassinger scores Troy Trice to third Dillon Gonzalez to second
|
|
Batting: SHB Dan Hill
|
0-0: Called Strike 0-1: Swinging Strike 0-2: Ball 1-2: Strikes out swinging
|
|
Batting: LHB Franklin Quezada
|
0-0: Called Strike 0-1: Ball 1-1: Foul Ball, location: 2F 1-2: Strikes out swinging
|
|
Batting: RHB Carlos Talavera
|
0-0: Called Strike 0-1: Called Strike 0-2: Ball 1-2: Foul Ball, location: 2F 1-2: Foul Ball, location: 2F 1-2: Foul Ball, location: 2F 1-2: Ball 2-2: Ball 3-2: Strikes out looking
|
| Bottom of the 10th over - 1 run, 2 hits, 0 errors, 3 left on base; Syracuse 5 - Sacramento 5 |
| TOP OF THE 11TH |
|
Syracuse Chiefs batting - Pitching for Sacramento River Cats : LHP Joel Page
|
|
Batting: LHB Jae-ik Soung
|
0-0: Ball 1-0: Foul Ball, location: 2F 1-1: Ball 2-1: Called Strike 2-2: Foul Ball, location: 2F 2-2: Ball 3-2: Strikes out swinging
|
|
Batting: RHB Willie de los Santos
|
0-0: Ground out 6-3 (Groundball, 56, EV 86.2 MPH)
|
|
Batting: RHB Hisayuki Akiyama
|
0-0: Called Strike 0-1: Ball 1-1: Ball 2-1: Ground out 6-3 (Groundball, 56, EV 88.1 MPH)
|
| Top of the 11th over - 0 runs, 0 hits, 0 errors, 0 left on base; Syracuse 5 - Sacramento 5 |
| BOTTOM OF THE 11TH |
|
Sacramento River Cats batting - Pitching for Syracuse Chiefs : RHP Chris Lawrence
|
|
Pitching: RHP Aaron McKinney
|
|
|
Batting: RHB Curt Earnest
|
0-0: Called Strike 0-1: Fly out, F9 (Flyball, 9D, EV 91.9 MPH)
|
|
Batting: RHB Sterling Acosta
|
0-0: Called Strike 0-1: Ball 1-1: Foul Ball, location: 2F 1-2: Foul Ball, location: 2F 1-2: Fly out, F4 (Popup, 4, EV 71.9 MPH)
|
|
Batting: LHB Pauli Gassinger
|
0-0: Foul Ball, location: 2F 0-1: Swinging Strike 0-2: Strikes out swinging
|
| Bottom of the 11th over - 0 runs, 0 hits, 0 errors, 0 left on base; Syracuse 5 - Sacramento 5 |
| TOP OF THE 12TH |
|
Syracuse Chiefs batting - Pitching for Sacramento River Cats : LHP Joel Page
|
|
Batting: RHB Dusty Ballard
|
0-0: Swinging Strike 0-1: Fly out, F8 (Line Drive, 8RM, EV 91.2 MPH)
|
|
Batting: RHB Antonio Laurel
|
0-0: Foul Ball, location: 2F 0-1: Ball 1-1: Ball 2-1: Foul Ball, location: 2F 2-2: Strikes out looking
|
|
Batting: RHB Nate Dickinson
|
0-0: Swinging Strike 0-1: Swinging Strike 0-2: Ball 1-2: Strikes out looking
|
| Top of the 12th over - 0 runs, 0 hits, 0 errors, 0 left on base; Syracuse 5 - Sacramento 5 |
| BOTTOM OF THE 12TH |
|
Sacramento River Cats batting - Pitching for Syracuse Chiefs : RHP Aaron McKinney
|
|
Batting: RHB Troy Trice
|
0-0: Swinging Strike 0-1: Ball 1-1: Ball 2-1: Foul Ball, location: 2F 2-2: SINGLE (Groundball, 6MD, EV 110.0 MPH)
|
|
Batting: LHB Dillon Gonzalez
|
0-0: Swinging Strike 0-1: Called Strike 0-2: SINGLE (Groundball, 25, EV 70.0 MPH) (infield hit) Troy Trice to second
|
|
Batting: SHB Francisco Gutierrez
|
0-0: Called Strike 0-1: Called Strike 0-2: Ball 1-2: Ball 2-2: Ball 3-2: Strikes out swinging
|
|
Batting: SHB Dan Hill
|
0-0: Called Strike 0-1: Ball 1-1: Ball 2-1: Ball 3-1: Base on Balls Troy Trice to third Dillon Gonzalez to second
|
|
Batting: LHB Franklin Quezada
|
0-0: Ball 1-0: Ball 2-0: Ball 3-0: Called Strike 3-1: Called Strike 3-2: Grounds into fielders choice 3-2 (Groundball, 34S, EV 84.4 MPH) Dillon Gonzalez to third Dan Hill to second
|
|
Batting: RHB Carlos Talavera
|
0-0: Called Strike 0-1: Called Strike 0-2: Foul Ball, location: 2F 0-2: Foul Ball, location: 2F 0-2: Foul Ball, location: 2F 0-2: Ball 1-2: Fielders Choice at 2nd, 6-4 (Groundball, 6, EV 84.4 MPH)
|
| Bottom of the 12th over - 0 runs, 2 hits, 0 errors, 3 left on base; Syracuse 5 - Sacramento 5 |
| TOP OF THE 13TH |
|
Syracuse Chiefs batting - Pitching for Sacramento River Cats : LHP Joel Page
|
|
Pitching: LHP Jimmy Heinecke
|
|
|
Batting: LHB Tim Olsen
|
0-0: Ball 1-0: Ball 2-0: Foul Ball, location: 2F 2-1: Foul Ball, location: 2F 2-2: Strikes out looking
|
|
Pinch Hitting: RHB Stephen Charbonneau
|
0-0: Foul Ball, location: 2F 0-1: Ball 1-1: Ball 2-1: Foul Ball, location: 2F 2-2: Ball 3-2: Base on Balls
|
|
Batting: RHB Justin Davenport
|
0-0: Called Strike 0-1: Ball 1-1: Foul Ball, location: 2F 1-2: Ball 2-2: Foul Ball, location: 2F 2-2: Strikes out swinging
|
|
Batting: LHB Jae-ik Soung
|
0-0: Called Strike 0-1: Fly out, F9 (Flyball, 9LS, EV 75.6 MPH)
|
| Top of the 13th over - 0 runs, 0 hits, 0 errors, 1 left on base; Syracuse 5 - Sacramento 5 |
| BOTTOM OF THE 13TH |
|
Sacramento River Cats batting - Pitching for Syracuse Chiefs : RHP Aaron McKinney
|
|
Pitching: RHP T.J. Stahlman
|
|
|
Now at 2B: Hisayuki Akiyama
|
|
|
Now at SS: Stephen Charbonneau
|
|
|
Batting: RHB Curt Earnest
|
0-0: Ground out 4-3 (Groundball, 4, EV 85.6 MPH)
|
|
Batting: RHB Sterling Acosta
|
0-0: Called Strike 0-1: Ball 1-1: Fly out, F9 (Flyball, 89XD, EV 89.4 MPH)
|
|
Batting: LHB Pauli Gassinger
|
0-0: Ball 1-0: Ball 2-0: Called Strike 2-1: Swinging Strike 2-2: Strikes out swinging
|
| Bottom of the 13th over - 0 runs, 0 hits, 0 errors, 0 left on base; Syracuse 5 - Sacramento 5 |
| TOP OF THE 14TH |
|
Syracuse Chiefs batting - Pitching for Sacramento River Cats : LHP Jimmy Heinecke
|
|
Batting: RHB Willie de los Santos
|
0-0: Ground out 6-3 (Groundball, 6, EV 89.4 MPH)
|
|
Batting: RHB Hisayuki Akiyama
|
0-0: Ball 1-0: Ground out 6-3 (Groundball, 6S, EV 90.0 MPH)
|
|
Batting: RHB Dusty Ballard
|
0-0: Ball 1-0: Ball 2-0: Foul Ball, location: 2F 2-1: Foul Ball, location: 2F 2-2: Foul Ball, location: 2F 2-2: Ball 3-2: Strikes out swinging
|
| Top of the 14th over - 0 runs, 0 hits, 0 errors, 0 left on base; Syracuse 5 - Sacramento 5 |
| BOTTOM OF THE 14TH |
|
Sacramento River Cats batting - Pitching for Syracuse Chiefs : RHP T.J. Stahlman
|
|
Batting: RHB Troy Trice
|
0-0: Ground out 5-3 (Groundball, 5S, EV 66.9 MPH)
|
|
Batting: LHB Dillon Gonzalez
|
0-0: Ball 1-0: Called Strike 1-1: SINGLE (Groundball, 56D, EV 101.9 MPH)
|
|
Batting: SHB Francisco Gutierrez
|
0-0: Ball 1-0: Fielders Choice at 2nd, 4-6 (Groundball, 4S, EV 93.8 MPH)
|
|
Batting: SHB Dan Hill
|
0-0: Ball 1-0: Swinging Strike 1-1: Ball 2-1: Ball 3-1: Called Strike 3-2: Fly out, F7 (Flyball, 7, EV 88.1 MPH)
|
| Bottom of the 14th over - 0 runs, 1 hit, 0 errors, 1 left on base; Syracuse 5 - Sacramento 5 |
| TOP OF THE 15TH |
|
Syracuse Chiefs batting - Pitching for Sacramento River Cats : LHP Jimmy Heinecke
|
|
Pitching: RHP Chad Steffee
|
|
|
Batting: RHB Antonio Laurel
|
0-0: Ball 1-0: Called Strike 1-1: Ball 2-1: Foul Ball, location: 2F 2-2: Fly out, F8 (Flyball, 8RD, EV 102.5 MPH)
|
|
Batting: RHB Nate Dickinson
|
0-0: Ball 1-0: Fly out, F8 (Flyball, 8RD, EV 101.2 MPH)
|
|
Pitching: RHP Wayne Lammers
|
|
|
Batting: LHB Tim Olsen
|
0-0: Called Strike 0-1: Ball 1-1: Foul Ball, location: 2F 1-2: Ball 2-2: Strikes out looking
|
| Top of the 15th over - 0 runs, 0 hits, 0 errors, 0 left on base; Syracuse 5 - Sacramento 5 |
| BOTTOM OF THE 15TH |
|
Sacramento River Cats batting - Pitching for Syracuse Chiefs : RHP T.J. Stahlman
|
|
Batting: LHB Franklin Quezada
|
0-0: DOUBLE (Groundball, 3L, EV 105.6 MPH)
|
|
Batting: RHB Carlos Talavera
|
0-0: Ball 1-0: Swinging Strike 1-1: Foul Ball, location: 2F 1-2: Ball 2-2: Ground out 1-3 (Groundball, 13S, EV 68.8 MPH) Franklin Quezada to third
|
|
Batting: RHB Curt Earnest
|
0-0: Bunted foul Squeeze bunt is on, Franklin Quezada is safe
|
| Bottom of the 15th over - 1 run, 1 hit, 0 errors, 0 left on base; Syracuse 5 - Sacramento 6 |
|